 Dungeon Crawl Stone Soup version 0.24-a0-581-gc0fa6600bf (webtiles) character file.

Game seed: 11906240564569907434

101 Eightlegvermin the Sneak (level 5, -1/29 HPs)
             Began as a Kobold Arcane Marksman on Aug 23, 2019.
             Slain by an orc wizard
             ... wielding a +0 dagger
              (2 damage)
             ... on level 3 of the Dungeon.
             The game lasted 00:12:08 (1800 turns).

Eightlegvermin the Sneak (Kobold Arcane Marksman)   Turns: 1800, Time: 00:12:09

Health: -1/29      AC:  4    Str:  8    XL:     5   Next: 4%
Magic:  2/6        EV: 15    Int: 14    God:
Gold:   140        SH:  0    Dex: 16    Spells: 5/6 levels left

rFire    . . .     SeeInvis .   n - +2 dagger (vamp)
rCold    . . .     Gourm    .   (shield restricted)
rNeg     . . .     Faith    .   c - +0 leather armour
rPois    .         Spirit   .   (no helmet)
rElec    .         Reflect  .   (no cloak)
rCorr    .         Harm     .   (no gloves)
MR       .....                  q - +0 pair of boots
Stlth    ++........             t - amulet of regeneration
HPRegen  0.49/turn              (no ring)
MPRegen  0.10/turn              (no ring)

@: no status effects
A: small, carnivore
a: no special abilities


You were on level 3 of the Dungeon.
You were very full.

You visited 1 branch of the dungeon, and saw 3 of its levels.

You collected 140 gold pieces.

Inventory:

Hand Weapons
 a - a +0 hand crossbow
 g - a +0 dagger
 j - a +0 short sword
 n - a +2 vampiric dagger (weapon)
Missiles
 d - 45 bolts
Armour
 c - a +0 leather armour (worn)
 e - a +0 robe
 q - a +0 pair of boots (worn)
Jewellery
 t - an amulet of regeneration (around neck)
Scrolls
 k - a scroll of noise {unknown}
 m - a scroll of remove curse {unknown}
 r - a scroll of identify
 s - 2 scrolls of enchant armour {unknown}
 u - a scroll of fear {unknown}
Potions
 b - a potion of heal wounds {unknown}
 h - a potion of curing {unknown}
 l - a potion of might {unknown}
 o - 2 potions of invisibility {unknown}
 p - 2 potions of flight {unknown}
Comestibles
 f - 3 rations
 i - 4 chunks of flesh


   Skills:
 - Level 1.1 Fighting
 + Level 3.8 Short Blades
 - Level 2.4 Crossbows
 - Level 2.6 Dodging
 - Level 4.0 Stealth
 - Level 1.1 Spellcasting
 - Level 3.0 Hexes


You had 5 spell levels left.
You knew the following spells:

 Your Spells              Type           Power        Failure   Level  Hunger
a - Corona                Hex            #......      11%         1    ##.....

Your spell library contained the following spells:

 Spells                   Type           Power        Failure   Level  Hunger
 Slow                     Hex            #.......     17%         2    ###....
 Inner Flame              Hex/Fire       #.......     52%         3    ####...
 Portal Projectile        Hex/Tloc       #.....       52%         3    ####...
 Cause Fear               Hex            #.........   73%         4    #####..
 Leda's Liquefaction      Hex/Erth       #.........   90%         4    #####..


Dungeon Overview and Level Annotations

Branches:
Dungeon (3/15)

Altars:
Ashenzari
Hepliaklqana
Kikubaaqudgha
Ru
Uskayaw
The Shining One


Innate Abilities, Weirdness & Mutations

You are small and have problems with some larger weapons.
You are carnivorous and can eat meat at any time.


Message History

The orc wizard is moderately wounded.
The orc wizard hits you with a +0 dagger.
* * * LOW HITPOINT WARNING * * *
You hit the orc wizard but do no damage.
The orc wizard is moderately wounded.
The orc wizard hits you with a +0 dagger.
* * * LOW HITPOINT WARNING * * *
You hit the orc wizard but do no damage.
The orc wizard is moderately wounded.
The orc wizard hits you but does no damage.
You hit the orc wizard but do no damage.
The orc wizard is moderately wounded.
You barely miss the orc wizard.
The orc wizard is moderately wounded.
The orc wizard hits you with a +0 dagger.
* * * LOW HITPOINT WARNING * * *
You barely miss the orc wizard.
The orc wizard is moderately wounded.
The orc wizard hits you with a +0 dagger.
You die...

...#...#######...#
...#####.##..#####
.....)..รท........#
##...............# #
#######.##.#....##.#
#.##.........#
#.####.##.#### #.#
...##o# #.#.....#@#
#.#.....#)#
#.#.....#)#
##...##......#
##.#####......
.##.## . # .# #


You could see an orc wizard.

Vanquished Creatures
  Natasha (D:2)
  3 adders
  A worm (D:2)
  A leopard gecko (D:2)
  4 orcs (D:3)
  4 giant cockroaches
  3 hobgoblins
  2 jackals (D:2)
  8 kobolds
  A quokka (D:2)
  A ball python (D:2)
  4 bats
  2 frilled lizards (D:2)
  5 goblins
  3 rats
43 creatures vanquished.

Notes
Turn   | Place    | Note
-------+----------+-------------------------------------------
     0 | D:1      | Eightlegvermin the Kobold Arcane Marksman began the quest
                  | for the Orb.
     0 | D:1      | Reached XP level 1. HP: 12/12 MP: 2/2
   126 | D:1      | Reached skill level 1 in Stealth
   148 | D:1      | Reached skill level 1 in Short Blades
   188 | D:1      | Reached XP level 2. HP: 16/16 MP: 3/3
   505 | D:1      | Reached skill level 2 in Stealth
   946 | D:2      | Found a sacrificial altar of Ru.
   950 | D:2      | Found a glowing golden altar of the Shining One.
   972 | D:2      | Reached XP level 3. HP: 20/20 MP: 2/4
  1046 | D:2      | Found a hazy altar of Hepliaklqana.
  1046 | D:2      | Found a faded altar of an unknown god.
  1253 | D:2      | Found an ancient bone altar of Kikubaaqudgha.
  1367 | D:2      | Reached skill level 3 in Stealth
  1521 | D:2      | Found a hide-covered altar of Uskayaw.
  1521 | D:2      | Found a shattered altar of Ashenzari.
  1590 | D:2      | Noticed Natasha
  1592 | D:2      | Killed Natasha
  1592 | D:2      | Reached XP level 4. HP: 25/25 MP: 5/5
  1777 | D:3      | Reached skill level 4 in Stealth
  1783 | D:3      | Reached XP level 5. HP: 18/29 MP: 4/6
  1799 | D:3      | HP: 1/29 [orc wizard/+0 dagger (4)]
  1800 | D:3      | Slain by an orc wizard

Levels and vault maps discovered:
D:1:      nicolae_arrival_somewhat_less_tricky_arrival, layout_basic,
          hangedman_decor_peaks_small
D:2:      layout_loops_ring, kiku_gazebo_garden_becter,
          grunt_temple_overflow_open, overflow_temple_1_default,
          gammafunk_temple_overflow_pools,
          chequers_ecumenical_altar_simple_redux, uniq_natasha
D:3:      layout_loops_ring, grunt_temple_overflow_gold_and_silver,
          cheibrodos_sewer_entry_bend, grunt_ministairs_12, minmay_fountain_box,
          grunt_decor_resistance

Skill      XL: |  1  2  3  4 |
---------------+-------------+-----
Stealth        | 1 2 3 4 |  4.0
Short Blades   | 1 2 3 |  3.8
Fighting       | |  1.1
Crossbows      | |  2.4
Dodging        | |  2.6
Spellcasting   | |  1.1
Hexes          | |  3.0

Action                   |  1- 3 |  4- 6 || total
-------------------------+-------+-------++-------
Melee: Dagger            |   107 |    50 ||   157
 Fire: Hand crossbow     |     9 |     2 ||    11
 Cast: Corona            |    24 |     8 ||    32
  Use: Scroll            |     6 |       ||     6
 Stab: Sleeping          |     4 |     2 ||     6
  Eat: Chunk             |    12 |       ||    12
Armor: Leather armour    |    18 |     6 ||    24
Dodge: Dodged            |    72 |    23 ||    95

Table legend:
 A = Non-vault XP
 B = Vault XP
 C = Vault XP percentage of total XP
 D = Non-vault monster count
 E = Vault monster count
 F = Vault count percentage of total count
                 A         B        C        D         E       F
            +---------+---------+-------+---------+---------+-------
      Total |     108 |      37 |  25.5 |      40 |       3 |   7.0
            +---------+---------+-------+---------+---------+-------
        D:1 |      23 |       0 |   0.0 |      15 |       0 |   0.0
        D:2 |      46 |      35 |  43.2 |      18 |       1 |   5.3
        D:3 |      39 |       2 |   4.9 |       7 |       2 |  22.2
            +---------+---------+-------+---------+---------+-------
